 Dungeon Crawl Stone Soup version 0.30-a0-626-gd6a5dd7a1f (webtiles) character file.

Game seed: 16240233470955393653

2137 Leeroy the Carver (level 9, -32/61 HPs)
             Began as a Merfolk Gladiator on Jan 11, 2023.
             Was a Priest of Jiyva (penitent).
             Killed by an exploding phantom (46 damage)
             ... ignited by their inner flame
             ... on level 7 of the Dungeon.
             The game lasted 00:07:14 (4436 turns).

Leeroy the Carver (Merfolk Gladiator)               Turns: 4436, Time: 00:07:14

Health: -32/61     AC:  8    Str: 22    XL:     9   Next: 30%
Magic:  8/9        EV: 18    Int:  5    God:    Jiyva [***...]
Gold:   156        SH:  0    Dex: 18    Spells: 8/8 levels left

rFire   . . .      SeeInvis .    a - +0 long sword
rCold   + . .      Faith    .    (no shield)
rNeg    . . .      Spirit   .    s - +3 leather armour {rC+}
rPois   .          Reflect  .    c - +1 helmet
rElec   .          Harm     .    (no cloak)
rCorr   .          Rampage  .    (no gloves)
Will    .....                    (no boots)
Stlth   +                        (no amulet)
HPRegen 0.30/turn                (no ring)
MPRegen 0.11/turn                (no ring)

@: lethally poisoned (-32 -> -33), slowed, very slow
A: (nimble swimmer 2), mertail, claws 1, strong 2, MP-powered wands
a: Renounce Religion


You were on level 7 of the Dungeon.
You worshipped Jiyva.
Jiyva was demanding penance.
You visited 2 branches of the dungeon, and saw 8 of its levels.

You collected 156 gold pieces.

Inventory:

Hand Weapons
 a - a +0 long sword (weapon)
 u - a +0 dagger of draining
 w - a +0 short sword of holy wrath
 C - a +1 trident of venom
Missiles
 d - 3 throwing nets (quivered)
 e - a javelin
Armour
 b - a +0 leather armour
 c - a +1 helmet (worn)
 s - a +3 leather armour of cold resistance (worn)
Jewellery
 n - an amulet of guardian spirit
 x - a +4 ring of protection
 A - a +6 ring of intelligence
Wands
 E - a wand of flame (21)
Scrolls
 f - a scroll of enchant weapon {unknown}
 g - 2 scrolls of teleportation {unknown}
 h - 2 scrolls of enchant armour
 i - a scroll of summoning {unknown}
 k - 2 scrolls of blinking {unknown}
 o - 2 scrolls of immolation
 p - a scroll of fog {unknown}
 t - 3 scrolls of identify {unknown}
 v - a scroll of fear {unknown}
 y - a scroll of silence {unknown}
 B - a scroll of vulnerability {unknown}
Potions
 j - a potion of flight {unknown}
 l - a potion of haste {unknown}
 m - a potion of ambrosia {unknown}
 q - a potion of degeneration {unknown}
 r - a potion of heal wounds
 z - a potion of mutation {unknown}
 D - a potion of lignification {unknown}
 F - 2 potions of attraction {unknown}


   Skills:
 - Level 2.1 Fighting
 + Level 11.3 Long Blades
 - Level 2.0 Throwing
 - Level 11.1 Dodging


You had 8 spell levels left.
You didn't know any spells.
Your spell library contained the following spells:

 Spells                   Type           Power      Damage    Failure   Level
 Passage of Golubria      Tloc           0%         N/A       99%         4
 Silence                  Hex/Air        0%         N/A       100%        5
 Lehudib's Crystal Spear  Conj/Erth      0%         10d2      100%        8


Dungeon Overview and Level Annotations

Branches:
Dungeon (7/15)             Temple (1/1) D:4

Altars:
Ashenzari
Cheibriados
Dithmenos
Elyvilon
Fedhas
Hepliaklqana
Kikubaaqudgha
Makhleb
Nemelex Xobeh
Okawaru
Qazlal
Trog
Uskayaw
Vehumet
Xom
Yredelemnul
Zin
The Shining One
Jiyva

Annotations:
D:6 3 runed translucent doors, tilp's ghost, novice MeFi
D:7 Joseph


Innate Abilities, Weirdness & Mutations

((You are very nimble when in or above water. (Stealth+, EV+, Speed+++)))
Your lower body shifts to a powerful aquatic tail in water.
You have sharp fingernails.
Your muscles are very strong. (Str +8, Int/Dex -2)
You expend magic power (3 MP) to strengthen your wands.


Message History

The creatures around you are filled with an inner flame!
It was a scroll of immolation.
You feel very sick. The hornet closely misses you.
The iguana barely misses you. The phantom hits you.
The phantom blinks!
You blink.
The phantom barely misses you.
You are mildly poisoned (24 -> 23).
Your claws are covered in slime.
You are slowed.
Your movement speed is very slow.
Your attack delay is about 1.2.
Your damage rating with your +0 long sword is about 15 (Base 10 x 120% (Dex) x 126% (Skill)).
Your base attributes are Str 14, Int 7, Dex 20.
The hornet quivers uncontrollably and liquefies into a slime creature!
You feel sick.
The iguana bites the slime creature!
The phantom hits you.
* * * LOW HITPOINT WARNING * * *
The slime creature hits the iguana!
The iguana explodes!
You feel very guilty. Furious gurgling surrounds you!
The fiery explosion engulfs the slime creature!!
The slime creature is severely wounded.
The slime creature quivers.
You feel sick.
The slime creature is engulfed in blazing flames.
The slime creature closely misses you. The phantom barely misses you.
You feel sick.
The slime creature is engulfed in blazing flames.
You kill the slime creature!
You feel extremely guilty. Furious gurgling surrounds you!
The hornet returns to its original shape as it dies.
You hit the phantom.
Flame seeps out of the phantom.
The phantom is lightly damaged.
You feel sick.
The phantom is engulfed in blazing flames.
Flame seeps out of the phantom.
The phantom misses you.
The phantom is engulfed in blazing flames.
The phantom explodes!
The fiery explosion engulfs you!!!
Ouch! That really hurt!
You die...

#............#.###.####.###
...........................
#.#........................
#..........#..<.......#.###
...##..............#.#.#
#.##§.§..#....##..#.#..
.#...§§§.............####
.....§☼§§§............
#.#...<.§○@#..#........ .
#.##.#####..... ..... ...
.#.##. #


There were no monsters in sight!

Vanquished Creatures
  A slime creature (D:7)
  5 yaks (D:5)
  Menkaure (D:7)
  A water moccasin (D:7)
  A black bear (D:6)
  3 ogres
  A phantom (D:7)
  A bullfrog (D:5)
  A gnoll sergeant (D:6)
  2 scorpions
  A howler monkey (D:6)
  7 hounds
  2 orc priests
  2 iguanas (D:5)
  2 orc wizards
  A gnoll (D:6)
  10 adders
  An ufetubus (D:4)
  2 worms
  A dart slug (D:1)
  23 orcs
  5 ball pythons
  3 bats (D:1)
  An endoplasm (D:1)
  3 giant cockroaches
  5 goblins
  5 hobgoblins
  3 kobolds
  3 quokkas (D:1)
  4 rats
101 creatures vanquished.

Vanquished Creatures (others)
  A slime creature (D:7)
  Sigmund (D:6)
  A water moccasin (D:6)
  A black bear (D:7)
  A centaur (D:6)
  A bullfrog (D:7)
  A necrophage (D:4)
  An orc priest (D:3)
  8 jellies
  An iguana (D:7)
  2 gnolls (D:6)
  An adder (D:6)
  A white imp (D:6)
  2 dart slugs (D:4)
  4 orcs
  2 endoplasms (D:3)
  A bat (D:2)
  2 kobolds (D:2)
  2 plants (D:3)
34 creatures vanquished.

Grand Total: 135 creatures vanquished

Notes
Turn   | Place    | Note
-------+----------+-------------------------------------------
     0 | D:1      | Leeroy the Merfolk Gladiator began the quest for the Orb.
     0 | D:1      | Reached XP level 1. HP: 16/16 MP: 1/1
    72 | D:1      | Reached XP level 2. HP: 11/22 MP: 2/2
   437 | D:1      | Reached skill level 5 in Long Blades
   437 | D:1      | Reached XP level 3. HP: 12/27 MP: 3/3
   511 | D:1      | Found a faded altar of an unknown god.
   727 | D:1      | Prayed at the altar of an unknown god.
   727 | D:1      | Became a worshipper of Jiyva Juzivif the Shapeless
   727 | D:1      | Reached * piety under Jiyva
  1185 | D:2      | Reached ** piety under Jiyva
  1278 | D:3      | Reached XP level 4. HP: 33/33 MP: 4/4
  1594 | D:3      | Reached XP level 5. HP: 26/38 MP: 5/5
  1805 | D:4      | Found a staircase to the Ecumenical Temple.
  1885 | D:4      | Reached *** piety under Jiyva
  1935 | D:4      | Reached XP level 6. HP: 44/44 MP: 6/6
  2209 | D:4      | Gained mutation: You expend magic power (3 MP) to
                  | strengthen your wands. [Jiyva's grace]
  2209 | D:4      | Gained mutation: Your muscles are strong. (Str +4, Int/Dex
                  | -1) [Jiyva's grace]
  2209 | D:4      | Gained mutation: Your muscles are very strong. (Str +8,
                  | Int/Dex -2) [Jiyva's grace]
  2209 | D:4      | Gained mutation: You have sharp fingernails. [Jiyva's
                  | grace]
  2400 | D:5      | Entered Level 5 of the Dungeon
  2524 | D:5      | Reached XP level 7. HP: 49/50 MP: 7/7
  2711 | D:5      | Noticed a yak
  2712 | D:5      | Noticed a yak
  2713 | D:5      | Noticed a yak
  2713 | D:5      | Noticed a yak
  2715 | D:5      | Noticed a yak
  2778 | D:6      | Found a runed translucent gate.
  2778 | D:6      | Found a runed translucent gate.
  2781 | D:6      | Found a runed translucent gate.
  2781 | D:6      | Noticed tilp's ghost (novice MeFi)
  2810 | D:6      | Reached skill level 10 in Long Blades
  2889 | D:6      | Reached **** piety under Jiyva
  2992 | D:6      | Killed Sigmund
  3446 | D:7      | Noticed Menkaure
  3451 | D:7      | Killed a slime creature
  3470 | D:6      | Reached XP level 8. HP: 45/56 MP: 8/8
  3520 | D:5      | Killed a yak
  3520 | D:5      | Killed a yak
  3522 | D:5      | Killed a yak
  3524 | D:5      | Killed a yak
  3528 | D:5      | Killed a yak
  3620 | D:5      | Reached XP level 9. HP: 43/61 MP: 9/9
  3719 | D:5      | Reached skill level 10 in Dodging
  3962 | Temple   | Entered the Ecumenical Temple
  4168 | D:7      | Killed Menkaure
  4270 | D:7      | Noticed Joseph
  4421 | D:7      | Noticed a hornet
  4428 | D:7      | Paralysed by a hornet for 2 turns
  4433 | D:7      | Slimified a hornet
  4433 | D:7      | a hornet changed into a slime creature
  4433 | D:7      | Was placed under penance by Jiyva
  4436 | D:7      | Killed by an exploding phantom... ignited by their inner
                  | flame

Illustrated notes

Levels and vault maps discovered:
D:1:      dpeg_arrival_brainrot, layout_rooms,
          shapermc_ecumenical_altar_hornbeckon
D:2:      layout_basic
D:3:      layout_basic, dk_noncrumbling_3, serial_bayou_pond_d
D:4:      layout_loops_cross, minmay_temple_entry_glassed_door
D:5:      layout_basic
D:6:      layout_basic, gammafunk_ghost_nasty_kobolds, kb_lookout_dungeons_type,
          uniq_sigmund
D:7:      layout_basic, nzn_ghost_randoct, uniq_menkaure, uniq_joseph
Temple:   regret_index_temple_mists

Skill      XL: |  1  2  3  4  5  6  7  8  9 |
---------------+----------------------------+-----
Long Blades    | 4 5 6 7 9 11 | 11.3
Dodging        | 9 11 | 11.1
Fighting       | |  2.1
Throwing       | |  2.0

Action                   |  1- 3 |  4- 6 |  7- 9 || total
-------------------------+-------+-------+-------++-------
Melee: Long sword        |    83 |   164 |   178 ||   425
       Punch             |       |     2 |     3 ||     5
Invok: Oozemancy         |       |       |     1 ||     1
       Slimify           |       |       |     1 ||     1
  Use: Scroll            |       |       |     2 ||     2
       Potion            |       |       |     1 ||     1
 Stab: Distracted        |       |     1 |       ||     1
       Sleeping          |       |       |     2 ||     2
Armor: Leather armour    |    26 |    48 |    44 ||   118
Dodge: Dodged            |    66 |   114 |   128 ||   308

Table legend: (Time is in decaauts)
 A = Elapsed time spent in this place.
 B = Non-inter-level travel time spent in this place.
 C = Inter-level travel time spent in this place.
 D = Time resting spent in this place.
 E = Time spent auto-exploring this place.
 F = Levels seen in this place.
 G = Mean time per level.
                   A        B        C        D        E       F      G
               +--------+--------+--------+--------+--------+-----+--------+
         Total |   4393 |   4141 |    252 |     14 |   3111 |   8 |  549.1 |
       Dungeon |   4303 |   4065 |    238 |     14 |   3051 |   7 |  614.7 |
        Temple |     90 |     76 |     14 |      0 |     59 |   1 |   90.0 |
               +--------+--------+--------+--------+--------+-----+--------+

Top non-repeatable levels by time:
     D:5: 815 daAuts
     D:6: 773 daAuts
     D:1: 760 daAuts
     D:4: 666 daAuts
     D:2: 501 daAuts
     D:3: 496 daAuts
     D:7: 290 daAuts
  Temple: 90 daAuts
